 Dungeon Crawl Stone Soup version 0.30-a0-304-gdc4b735fe1 (webtiles) character file.

Game seed: 11911230034079569224

394 Darkkill the Skirmisher (level 6, 0/51 HPs)
             Began as a Gnoll Hunter on Oct 20, 2022.
             Was an Initiate of Nemelex Xobeh.
             Killed from afar by an orc wizard (6 damage)
             ... with a magic dart
             ... on level 5 of the Dungeon.
             The game lasted 00:06:24 (3733 turns).

Darkkill the Skirmisher (Gnoll Hunter)              Turns: 3733, Time: 00:06:25

Health: 0/51       AC: 12    Str: 20    XL:     6   Next: 81%
Magic:  9/9        EV: 10    Int:  9    God:    Nemelex Xobeh [......]
Gold:   194        SH:  0    Dex: 23    Spells: 9/9 levels left

rFire   + + +      SeeInvis +    b - +8 dagger of Jifics {vorpal, rF++ Dex+6}
rCold   . . .      Faith    .    (no shield)
rNeg    + . .      Spirit   .    n - +1 chain mail of Bedevilment {Contam Str+8}
rPois   +          Reflect  .    k - +2 helmet
rElec   .          Harm     .    (no cloak)
rCorr   .          Rampage  .    (no gloves)
Will    .....                    (no boots)
Stlth   ..........               (no amulet)
HPRegen 0.28/turn                o - ring of poison resistance
MPRegen 0.11/turn                e - ring of Wishful Thinking {rF+ rN+ Will- Dex+2 SInv}

@: confused
A: fangs 1, strong nose, distributed training
a: Renounce Religion, Draw Escape, Draw Destruction, Draw Summoning


You were on level 5 of the Dungeon.
You worshipped Nemelex Xobeh.
Nemelex Xobeh was noncommittal.
You visited 2 branches of the dungeon, and saw 6 of its levels.

You collected 194 gold pieces.

Inventory:

Hand Weapons
 a - a +0 shortbow
 b - the +8 dagger of Jifics (weapon) {vorpal, rF++ Dex+6}
   (You found it on level 3 of the Dungeon)

   It inflicts extra damage upon your enemies.
   Dex:       It affects your dexterity (+6).
   rF:        It greatly protects you from fire.
Missiles
 g - 29 stones
 m - 6 poisoned darts
 r - 5 atropa-tipped darts
Armour
 k - a +2 helmet (worn)
 n - the +1 chain mail of Bedevilment (worn) {Contam Str+8}
   (You found it on level 3 of the Dungeon)

   Str:       It affects your strength (+8).
   Contam:    It causes magical contamination when unequipped.
Jewellery
 c - a ring of wizardry
 e - the ring of Wishful Thinking (right hand) {rF+ rN+ Will- Dex+2 SInv}
   (You found it on level 4 of the Dungeon)

   [ring of see invisible]

   Dex:       It affects your dexterity (+2).
   rF:        It protects you from fire.
   rN:        It protects you from negative energy.
   SInv:      It lets you see invisible.
   Will:      It decreases your willpower.
 o - a ring of poison resistance (left hand)
 q - a +6 ring of dexterity
Wands
 i - a wand of digging (6)
Scrolls
 d - 6 scrolls of identify {@r1}
 p - 3 scrolls of immolation
 t - a scroll of amnesia
Potions
 f - 3 potions of might
 h - 2 potions of lignification {unknown}
 j - 2 potions of magic {unknown}
 s - 2 potions of resistance {unknown}
 u - a potion of degeneration {unknown}
 v - a potion of curing {unknown}


   Skills:
 + Level 5.1 Fighting
 + Level 2.2 Short Blades
 + Level 2.2 Long Blades
 + Level 2.2 Axes
 + Level 2.2 Maces & Flails
 + Level 2.2 Polearms
 + Level 2.2 Staves
 + Level 8.8 Ranged Weapons
 + Level 2.2 Throwing
 + Level 2.2 Armour
 + Level 5.1 Dodging
 + Level 3.2 Stealth
 + Level 2.2 Shields
 + Level 2.2 Unarmed Combat
 + Level 2.2 Spellcasting
 + Level 1.8 Conjurations
 + Level 1.8 Hexes
 + Level 1.8 Summonings
 + Level 1.8 Necromancy
 + Level 1.8 Translocations
 + Level 1.8 Transmutations
 + Level 1.8 Fire Magic
 + Level 1.8 Ice Magic
 + Level 1.8 Air Magic
 + Level 1.8 Earth Magic
 + Level 1.8 Poison Magic
 + Level 2.4 Invocations
 + Level 2.2 Evocations


You had 9 spell levels left.
You didn't know any spells.
Your spell library contained the following spells:

 Spells                   Type           Power      Damage    Failure   Level
 Ensorcelled Hibernation  Hex/Ice        8%         N/A       95%         2
 Sublimation of Blood     Necr           4%         N/A       95%         2
 Wereblood                Tmut           4%         N/A       95%         2
 Gell's Gravitas          Tloc           4%         N/A       99%         3
 Lesser Beckoning         Tloc           8%         N/A       99%         3
 Spider Form              Tmut/Pois      4%         N/A       99%         3
 Teleport Other           Tloc           4%         N/A       99%         3
 Anguish                  Hex/Necr       2%         N/A       100%        4
 Summon Hydra             Summ           2%         N/A       100%        7


Dungeon Overview and Level Annotations

Branches:
Dungeon (5/15)             Temple (1/1) D:4

Altars:
Ashenzari
Dithmenos
Elyvilon
Fedhas
Hepliaklqana
Kikubaaqudgha
Makhleb
Nemelex Xobeh
Okawaru
Qazlal
Ru
Sif Muna
Trog
Uskayaw
Wu Jian
Xom
Zin
The Shining One

Shops:
D:3 *

Annotations:
D:2 1 runed translucent door, Crazy Yiuf


Innate Abilities, Weirdness & Mutations

You have very sharp teeth.
Your uncanny sense of smell can sniff out nearby items.
Your experience applies equally to all skills.


Message History

An orc wizard comes into view. It is wielding a +0 dagger.
Fire: a) +0 shortbow
Press: ? - help, Q - select action, (/) - cycle Shift-Dir - straight line, f/p - centaur
Aim: a centaur, wielding a +0 shortbow (moderately wounded, 76% to hit)
You shoot an arrow. The arrow barely misses the centaur.
The centaur shoots an arrow.
The arrow hits you!
* * * LOW HITPOINT WARNING * * *
An orc comes into view. It is wielding a +0 hand axe.
Fire: a) +0 shortbow
Press: ? - help, Q - select action, (/) - cycle Shift-Dir - straight line, f/p - centaur
Aim: a centaur, wielding a +0 shortbow (moderately wounded, 76% to hit)
You shoot an arrow. The arrow closely misses the orc.
The arrow hits the centaur.
The centaur is heavily wounded.
An orc comes into view. It is wielding a +0 club.
The orc wizard casts a spell.
The orc wizard flickers and vanishes for a moment.
Fire: a) +0 shortbow
Press: ? - help, Q - select action, (/) - cycle Shift-Dir - straight line, p - centaur You can't see that place.
You can't see that place.
Okay, then.
You feel agile.
b - the +8 dagger of Jifics (weapon)
{vorpal, rF++ Dex+6} The orc hits you but does no damage.
The centaur unwields a +0 shortbow.
The centaur hits you but does no damage.
The centaur completely misses you. The orc closely misses you.
You barely miss the orc.
The centaur hits you but does no damage.
The centaur kicks you but does no damage.
The orc barely misses you.
You puncture the orc!
You kill the orc!
The centaur closely misses you. The centaur barely misses you.
The centaur closely misses you. The centaur misses you. The centaur hits you.
* * * LOW HITPOINT WARNING * * *
The centaur kicks you.
* * * LOW HITPOINT WARNING * * *
You see here a +1 vorpal hand axe.
You hit the centaur but do no damage. Your bite misses the centaur.
The centaur is moderately wounded.
The orc wizard hits you but does no damage.
The centaur hits you but does no damage.
The centaur barely misses you.
You hit the centaur. You bite the centaur, but do no damage.
The centaur is heavily wounded.
The centaur closely misses you. The centaur barely misses you.
The orc wizard casts a spell at you.
The magic dart hits you but does no damage.
The centaur closely misses you. The centaur barely misses you.
You puncture the centaur!
The centaur is almost dead.
The orc wizard gestures at you while chanting.
You are confused.
The orc hits you with a +0 hand axe.
* * * LOW HITPOINT WARNING * * *
The centaur closely misses you.
The centaur kicks you but does no damage.
You barely miss the centaur.
The centaur is almost dead.
The centaur hits you but does no damage.
The centaur kicks you but does no damage.
The orc hits you but does no damage. The orc wizard barely misses you.
You hit the centaur.
You kill the centaur!
The orc hits you but does no damage. The orc wizard barely misses you.
The orc barely misses you.
You miss the orc. You punch the orc.
The orc is lightly wounded.
The orc barely misses you. The orc hits you but does no damage.
The orc wizard closely misses you.
You hit the orc.
You kill the orc!
The orc wizard barely misses you. The orc hits you with a +0 hand axe.
* * * LOW HITPOINT WARNING * * *
Found a puce potion.
The orc wizard hits you but does no damage.
The orc hits you but does no damage.
Things that are here:
a +0 shortbow; a centaur corpse You closely miss the orc wizard.
You feel less confused.
The orc wizard hits you but does no damage.
The orc barely misses you.
You hit the orc wizard but do no damage.
The orc hits you but does no damage. The orc wizard barely misses you.
You hit the orc.
You kill the orc!
You hit the orc wizard.
You punch the orc wizard, but do no damage.
The orc wizard is moderately wounded.
The orc wizard points at you and mumbles some strange words.
You are confused.
You puncture the orc wizard!
The orc wizard is almost dead.
The orc wizard gestures at you while chanting.
The magic dart hits you.
You die...
Your body disappears without a glow.

...........#.
............
#.........#
#...$.....#
#.........#
#.........#
#...)o....#+#
#...)@....... ###
#....)....... #..
#....#####..! #..
#....# ∆. #.. #....+
#.. #....# #.. #....#
#.#
#....###############.#
#....#................


You could see an orc wizard (invisible).

Vanquished Creatures
  A centaur (D:5)
  A scorpion (D:4)
  A howler monkey (D:4)
  A hound (D:4)
  Robin (D:2)
  7 adders
  A worm (D:3)
  3 dart slugs
  13 orcs
  6 endoplasms
  A giant cockroach (D:4)
  16 goblins
  10 hobgoblins
  6 jackals
  2 quokkas
  10 ball pythons
  3 bats
  3 frilled lizards
  6 kobolds
  2 rats
94 creatures vanquished.

Vanquished Creatures (others)
  3 fungi (D:2)
3 creatures vanquished.

Grand Total: 97 creatures vanquished

Notes
Turn   | Place    | Note
-------+----------+-------------------------------------------
     0 | D:1      | Darkkill the Gnoll Hunter began the quest for the Orb.
     0 | D:1      | Reached XP level 1. HP: 20/20 MP: 1/1
    61 | D:1      | Reached XP level 2. HP: 26/26 MP: 2/2
   204 | D:1      | Found a faded altar of an unknown god.
   316 | D:1      | Reached XP level 3. HP: 25/31 MP: 3/3
   724 | D:2      | Reached skill level 1 in Invocations
   756 | D:2      | Reached skill level 1 in Short Blades
   756 | D:2      | Reached skill level 1 in Long Blades
   756 | D:2      | Reached skill level 1 in Axes
   756 | D:2      | Reached skill level 1 in Maces & Flails
   756 | D:2      | Reached skill level 1 in Polearms
   756 | D:2      | Reached skill level 1 in Staves
   756 | D:2      | Reached skill level 1 in Throwing
   756 | D:2      | Reached skill level 1 in Armour
   756 | D:2      | Reached skill level 1 in Shields
   756 | D:2      | Reached skill level 1 in Unarmed Combat
   756 | D:2      | Reached skill level 1 in Spellcasting
   756 | D:2      | Reached skill level 1 in Evocations
   769 | D:2      | Noticed Robin
   788 | D:2      | Killed Robin
   789 | D:2      | Reached XP level 4. HP: 36/38 MP: 5/5
   794 | D:2      | Identified the +1 ring mail of the Hills {rPois Str+6}
  1116 | D:2      | Reached skill level 1 in Conjurations
  1116 | D:2      | Reached skill level 1 in Hexes
  1116 | D:2      | Reached skill level 1 in Summonings
  1116 | D:2      | Reached skill level 1 in Necromancy
  1116 | D:2      | Reached skill level 1 in Translocations
  1116 | D:2      | Reached skill level 1 in Transmutations
  1116 | D:2      | Reached skill level 1 in Fire Magic
  1116 | D:2      | Reached skill level 1 in Ice Magic
  1116 | D:2      | Reached skill level 1 in Air Magic
  1116 | D:2      | Reached skill level 1 in Earth Magic
  1116 | D:2      | Reached skill level 1 in Poison Magic
  1678 | D:2      | Found a runed translucent door.
  1678 | D:2      | Noticed Crazy Yiuf
  1844 | D:3      | Reached XP level 5. HP: 39/43 MP: 7/7
  2055 | D:3      | Found Xaab's General Store.
  2131 | D:3      | Identified the +1 chain mail of Bedevilment {Contam Str+8}
  2257 | D:3      | Identified the +8 dagger of Jifics {vorpal, rF++ Dex+6}
  2338 | D:3      | Found a glowing golden altar of the Shining One.
  2560 | D:4      | Identified the ring of Wishful Thinking {rF+ rN+ Will-
                  | Dex+2 SInv}
  2690 | D:4      | Found a shimmering blue altar of Sif Muna.
  2703 | D:4      | Found a hide-covered altar of Uskayaw.
  2703 | D:4      | Found a shadowy altar of Dithmenos.
  2755 | D:4      | Found a sacrificial altar of Ru.
  2806 | D:4      | Reached XP level 6. HP: 47/50 MP: 8/8
  2835 | D:4      | Found a staircase to the Ecumenical Temple.
  3017 | D:4      | Reached skill level 5 in Fighting
  3017 | D:4      | Reached skill level 5 in Dodging
  3323 | Temple   | Entered the Ecumenical Temple
  3395 | Temple   | Became a worshipper of Nemelex Xobeh the Trickster
  3432 | D:5      | Entered Level 5 of the Dungeon
  3723 | D:5      | HP: 8/51 [orc/+0 hand axe (5)]
  3733 | D:5      | Killed from afar by an orc wizard

Illustrated notes

Levels and vault maps discovered:
D:1:      evilmike_arrival_hilbert_curve, layout_loops_ring,
          hellmonk_ecumenical_altar_run_dry
D:2:      layout_loops_corners, uniq_crazy_yiuf_cottage, uniq_robin
D:3:      layout_loops_ring, mainiacjoe_overflow_alcove_4, serial_shops,
          nicolae_shop_hallway_stairs
D:4:      layout_basic, nicolae_overflow_quartered_altars,
          minmay_temple_entry_mini_moons
D:5:      layout_gridville, mainiacjoe_overflow_catwalk, kennysheep_donut,
          grunt_ministairs_9
Temple:   cyrus_circular_temple

Skill      XL: |  1  2  3  4  5  6 |
---------------+-------------------+-----
Invocations    | 1 2 |  2.4
Short Blades   | 1 2 |  2.2
Long Blades    | 1 2 |  2.2
Axes           | 1 2 |  2.2
Maces & Flails | 1 2 |  2.2
Polearms       | 1 2 |  2.2
Staves         | 1 2 |  2.2
Throwing       | 1 2 |  2.2
Armour         | 1 2 |  2.2
Shields        | 1 2 |  2.2
Unarmed Combat | 1 2 |  2.2
Spellcasting   | 1 2 |  2.2
Evocations     | 1 2 |  2.2
Conjurations   | 1 |  1.8
Hexes          | 1 |  1.8
Summonings     | 1 |  1.8
Necromancy     | 1 |  1.8
Translocations | 1 |  1.8
Transmutations | 1 |  1.8
Fire Magic     | 1 |  1.8
Ice Magic      | 1 |  1.8
Air Magic      | 1 |  1.8
Earth Magic    | 1 |  1.8
Poison Magic   | 1 |  1.8
Stealth        | 3 |  3.2
Fighting       | 5 |  5.1
Dodging        | 5 |  5.1
Ranged Weapons | |  8.8

Action                   |  1- 3 |  4- 6 || total
-------------------------+-------+-------++-------
Melee: Dagger            |       |    14 ||    14
       Punch             |       |     2 ||     2
       Bite              |       |     1 ||     1
 Fire: Shortbow          |    89 |   176 ||   265
Evoke: Wand              |       |     1 ||     1
  Use: Scroll            |       |    10 ||    10
Armor: Leather armour    |     7 |       ||     7
       Ring mail         |       |    18 ||    18
       Chain mail        |       |    55 ||    55
Dodge: Dodged            |    12 |    72 ||    84

Table legend: (Time is in decaauts)
 A = Elapsed time spent in this place.
 B = Non-inter-level travel time spent in this place.
 C = Inter-level travel time spent in this place.
 D = Time resting spent in this place.
 E = Time spent auto-exploring this place.
 F = Levels seen in this place.
 G = Mean time per level.
                   A        B        C        D        E       F      G
               +--------+--------+--------+--------+--------+-----+--------+
         Total |   3786 |   3598 |    188 |     29 |   2916 |   6 |  631.0 |
       Dungeon |   3704 |   3516 |    188 |     29 |   2874 |   5 |  740.8 |
        Temple |     81 |     81 |      0 |      0 |     42 |   1 |   81.0 |
               +--------+--------+--------+--------+--------+-----+--------+

Top non-repeatable levels by time:
     D:2: 1007 daAuts
     D:4: 841 daAuts
     D:3: 826 daAuts
     D:1: 726 daAuts
     D:5: 303 daAuts
  Temple: 81 daAuts

Table legend:
 A = Kills in this place as a percentage of kills in entire the game.
 B = Kills by you in this place as a percentage of kills by you in the entire game.
 C = Kills by friends in this place as a percentage of kills by friends in the entire game.
 D = Other kills in this place as a percentage of other kills in the entire game.
 E = Experience gained in this place as a percentage of experience gained in the entire game.
 F = Experience gained in this place divided by the number of levels of this place that you have seen.
                   A       B       C       D       E      F
               +-------+-------+-------+-------+-------+----------------------
         Total | 100.0 | 100.0 |   N/A |   N/A | 100.0 |  93.8
       Dungeon | 100.0 | 100.0 |   N/A |   N/A | 100.0 | 112.6
               +-------+-------+-------+-------+-------+----------------------
